 Dungeon Crawl Stone Soup version 0.27.1-1-g398f81649c (webtiles) character file.

Game seed: 13402185331193014531

484 pokedragonboy the Shield-Bearer (level 7, -1/82 HPs)
             Began as a Formicid Fighter on Sept 11, 2021.
             Killed from afar by Blork the orc (3 damage)
             ... with a puff of frost
             ... on level 5 of the Dungeon.
             The game lasted 00:08:42 (3918 turns).

pokedragonboy the Shield-Bearer (Formicid Fighter)  Turns: 3918, Time: 00:08:42

Health: -1/82      AC: 23    Str: 21    XL:     7   Next: 35%
Magic:  7/7        EV:  2    Int: 15    God:
Gold:   150        SH: 10    Dex: 10    Spells: 6/6 levels left

rFire    . . .     SeeInvis .   a - +0 war axe
rCold    . . .     Faith    .   c - +0 kite shield
rNeg     + + +     Spirit   .   (armour currently unavailable)
rPois    +         Reflect  .   (helmet unavailable)
rElec    .         Harm     .   (cloak currently unavailable)
rCorr    .         Rampage  .   (gloves currently unavailable)
Will     .....                  (boots currently unavailable)
Stlth    +.........             (no amulet)
HPRegen  0.23/turn              m - +6 ring of intelligence
MPRegen  0.10/turn              (no ring)

@: brilliant, tree-form, invisible
A: stationary, stasis, torment immunity, boosted hp, permanent stasis, dig
shafts and tunnels, (antennae 3), four strong arms
a: no special abilities


You were on level 5 of the Dungeon.
You were a tree.
You visited 1 branch of the dungeon, and saw 5 of its levels.

You collected 150 gold pieces.

Inventory:

Hand Weapons
 a - a +0 war axe (weapon)
 f - a +0 short sword of flaming
 j - a +2 scythe of protection {Sigmund}
Armour
 c - a +0 kite shield (worn)
 l - a +0 chain mail (melded)
 s - a +0 cloak (melded)
Jewellery
 m - a +6 ring of intelligence (left branch)
Wands
 q - a wand of digging (8)
Scrolls
 b - a scroll of summoning {unknown}
 e - a scroll of magic mapping {unknown}
 g - 2 scrolls of identify
 h - a scroll of fear {unknown}
 i - 2 scrolls of amnesia {unknown}
 k - a scroll of vulnerability {unknown}
 n - a scroll of torment {unknown}
 o - a scroll of acquirement {unknown}
 t - a scroll of blinking {unknown}
Potions
 d - 2 potions of attraction


   Skills:
 + Level 4.8 Fighting
 * Level 5.0 Axes
 + Level 4.7 Armour
 + Level 5.3 Shields


You had 6 spell levels left.
You didn't know any spells.
Your spell library contained the following spells:

 Spells                   Type           Power      Damage    Failure   Level
 Ozocubu's Armour         Ice            0%         N/A       87%         3
 Ozocubu's Refrigeration  Ice            0%         4d5       100%        7


Dungeon Overview and Level Annotations

Branches:
Dungeon (5/15)
 Temple: D:4-7

Altars:
Xom

Shops:
D:1 *   D:2 (   D:4 *

Annotations:
D:5 Blork the orc


Innate Abilities, Weirdness & Mutations

You are a tree.
Your roots penetrate the ground, keeping you stationary.
You cannot be teleported.
You are immune to unholy pain and torment.
Your maximum health is greatly increased.
Your equipment is partially melded.
You cannot be hasted, slowed, berserked, paralysed or teleported.
You can dig through walls and to a lower floor.
((You have a pair of large antennae on your head. (SInv)))
Your four strong arms can wield two-handed weapons with a shield.


Message History

You block Blork the orc's attack.
You hit Blork the orc but do no damage.
Blork the orc is moderately wounded.
Blork the orc hits you but does no damage.
Blork the orc hits you with a +0 trident!
You barely miss Blork the orc.
Blork the orc is moderately wounded.
Blork the orc hits you with a +0 trident.
Blork the orc hits you with a +0 trident!
* * * LOW HITPOINT WARNING * * *
You slash Blork the orc!
Blork the orc is severely wounded.
Blork the orc barely misses you.
Blork the orc hits you with a +0 trident.
* * * LOW HITPOINT WARNING * * *
Your chain mail prevents you from hitting Blork the orc.
Blork the orc is severely wounded.
You block Blork the orc's attack. Blork the orc barely misses you.
Okay, then.
It was a potion of brilliance.
You feel clever all of a sudden. You block Blork the orc's attack.
Blork the orc hits you with a +0 trident.
* * * LOW HITPOINT WARNING * * *
You hit Blork the orc.
Blork the orc is almost dead.
Blork the orc gestures at you while chanting.
The puff of flame hits you.
* * * LOW HITPOINT WARNING * * *
Blork the orc hits you but does no damage.
It was a potion of lignification.
You turn into a tree.
Your +0 cloak melds into your body.
Your +0 chain mail melds into your body.
Your roots penetrate the ground.
Blork the orc looks encouraged for a moment.
It was a potion of invisibility.
You fade into invisibility!
Blork the orc points at you and mumbles some strange words.
The puff of frost hits you.
You die...

........# #.......#
### #.......## #.#
#...!..... #.#
#.......# #.#
.......# #.#
#<.....# ###.#####♣#
#......#o#######
#.......#.......
#####...##..#.......
..<......<..#.......
.......##....o......
............#.......
######.####.#....>..
#. ..#.......


You could see Blork the orc (fast).

Vanquished Creatures
  Sigmund (D:4)
  A howler monkey (D:5)
  A bullfrog zombie (D:5)
  A hound (D:4)
  A jelly (D:4)
  A bullfrog skeleton (D:5)
  2 iguanas (D:4)
  A gnoll (D:1)
  5 adders
  An adder skeleton (D:4)
  A worm (D:2)
  A dart slug (D:2)
  2 orcs
  6 ball pythons
  10 endoplasms
  3 giant cockroaches
  4 goblins
  3 hobgoblins
  6 jackals
  5 bats
  2 frilled lizards
  6 kobolds
  8 rats
72 creatures vanquished.

Notes
Turn   | Place    | Note
-------+----------+-------------------------------------------
     0 | D:1      | pokedragonboy the Formicid Fighter began the quest for the
                  | Orb.
     0 | D:1      | Reached XP level 1. HP: 18/18 MP: 1/1
    52 | D:1      | Reached XP level 2. HP: 5/24 MP: 2/2
   322 | D:1      | Found Kuoho's General Store.
   433 | D:1      | Reached XP level 3. HP: 29/29 MP: 3/3
  1047 | D:2      | Reached XP level 4. HP: 35/37 MP: 4/4
  1423 | D:2      | Found Reibreh's Antique Weapon Emporium.
  1886 | D:3      | Found a shimmering altar of Xom.
  2533 | D:4      | Reached XP level 5. HP: 26/42 MP: 5/5
  2699 | D:4      | Noticed Sigmund
  2722 | D:4      | Killed Sigmund
  2723 | D:4      | Reached XP level 6. HP: 12/49 MP: 6/6
  3128 | D:4      | Found Eokeijud's Eclectic Emporium.
  3379 | D:4      | Reached skill level 5 in Shields
  3578 | D:5      | Entered Level 5 of the Dungeon
  3605 | D:5      | Reached XP level 7. HP: 41/55 MP: 7/7
  3623 | D:5      | Noticed a two-headed ogre
  3869 | D:5      | Reached skill level 5 in Axes
  3894 | D:5      | Noticed Blork the orc
  3916 | D:5      | HP: 1/55 [Blork the orc/puff of flame (5)]
  3918 | D:5      | Killed from afar by Blork the orc

Illustrated notes

Levels and vault maps discovered:
D:1:      dpeg_arrival_tiny_k, layout_basic, serial_shops, nicolae_diamond_shop
D:2:      layout_loops_cross, serial_shops, nicolae_shop_waterfront,
          minmay_bisected
D:3:      layout_basic, mainiacjoe_overflow_alcove_4
D:4:      layout_loops_cross, nicolae_alphabet_shops, uniq_sigmund
D:5:      layout_loops_cross, nemelex_diamond_rough_becter,
          nicolae_ashenzari_panopticon, nicolae_ru_sacrificial_ziggurat,
          serial_shops, nicolae_lakefront_shop, kennysheep_generic_room_11,
          uniq_crazy_yiuf_cottage, uniq_blork_the_orc

Skill      XL: |  1  2  3  4  5  6  7 |
---------------+----------------------+-----
Shields        | 4 5 |  5.3
Axes           | 3 4 5 |  5.0
Fighting       | 4 |  4.8
Armour         | 4 |  4.7

Action                   |  1- 3 |  4- 6 |  7- 9 || total
-------------------------+-------+-------+-------++-------
Melee: War axe           |    77 |   119 |    31 ||   227
 Abil: Dig               |     2 |     3 |     1 ||     6
  Use: Scroll            |       |     1 |     1 ||     2
       Potion            |       |     2 |     3 ||     5
Armor: Scale mail        |    37 |    10 |       ||    47
       Chain mail        |       |    35 |    19 ||    54
Dodge: Dodged            |    29 |    22 |    10 ||    61
Block: Kite shield       |    51 |    58 |    24 ||   133
